 Dungeon Crawl Stone Soup version 0.19.0-11-g3fc08b3 (webtiles) character file.

3770 Banto the Covert (level 9, -1/34 HPs)
             Began as a Felid Enchanter on Nov 10, 2016.
             Was an Elder of Yredelemnul.
             Slain by a great orb of eyes (17 damage)
             ... while paralysed by a great orb of eyes
             ... on level 11 of the Dungeon.
             The game lasted 00:31:03 (14982 turns).

Banto the Covert (Felid Enchanter)                 Turns: 14982, Time: 00:31:04

Health: -1/34      AC:  2    Str:  4    XL:     9   Next: 94%
Magic:  17/17      EV:  4    Int: 20    God:    Yredelemnul [****..]
Gold:   608        SH:  0    Dex: 17    Spells: 5 memorised, 9 levels left
                                        Lives:  0   Deaths: 2

rFire  . . .     SeeInvis +       - Unarmed
rCold  . . .     Gourm    .     (armour unavailable)
rNeg   . . .     Faith    .     (shield unavailable)
rPois  +         Spirit   .     (helmet unavailable)
rElec  .         Reflect  .     (cloak unavailable)
rCorr  .         Harm     .     (gloves unavailable)
MR     +....                    (boots unavailable)
Stlth  ++........               u - amulet of regeneration
                                J - +3 ring of slaying
                                g - ring of wizardry

@: confused, paralysed, quick
A: no armour, no weapons or thrown items, stealth, claws 1, fangs 3, see
invisible, carnivore 3, speed 1, low mp 1, mutation resistance 1, poison
resistance, screaming 1, shaggy fur 2, slow metabolism 1, sharp paws
a: Recall Undead Slaves, Injury Mirror, Animate Dead, Drain Life, Renounce
Religion


You were on level 11 of the Dungeon.
You worshipped Yredelemnul.
Yredelemnul was greatly pleased with you.
You were not hungry.

You visited 2 branches of the dungeon, and saw 12 of its levels.
You also visited: Labyrinth.

You collected 608 gold pieces.

Inventory:

Jewellery
 e - an uncursed amulet of rage
 g - a ring of wizardry (left paw)
 u - an amulet of regeneration (around neck)
 J - a +3 ring of slaying (right paw)
Wands
 m - a wand of lightning (11/15)
 n - a wand of lightning (0/15)
 D - a wand of lightning (7/15)
 E - a wand of flame (18/48)
Scrolls
 i - 5 scrolls of teleportation
 k - 13 scrolls of remove curse
 p - 2 scrolls of immolation
 v - a scroll of magic mapping
 y - 2 scrolls of amnesia
 F - a scroll of blinking
Potions
 c - a potion of invisibility
 d - a potion of haste
 h - 3 potions of ambrosia
 j - 5 potions of flight
 o - 3 potions of curing
 q - a potion of agility
 r - a potion of brilliance {unknown}
 s - 2 potions of cure mutation {unknown}
 w - a potion of cancellation {unknown}
 x - 2 potions of lignification {unknown}
 z - a potion of berserk rage {unknown}
 A - a potion of heal wounds {unknown}
 B - 5 potions of degeneration {degen, unknown}
 C - a potion of might {unknown}
Books
 a - a book of Maledictions

   Spells                             Type                      Level
   a - Corona                         Hexes                        1
   b - Ensorcelled Hibernation        Hexes/Ice                    2
   c - Confuse                        Hexes                        3
   d - Tukima's Dance                 Hexes                        3
   e - Dazzling Spray                 Conjuration/Hexes            3
 G - a book of Unlife

   Spells                             Type                      Level
   a - Recall                         Summoning/Translocation      3
   b - Animate Dead                   Necromancy                   4
   c - Control Undead                 Necromancy                   4
   d - Cigotuvi's Embrace             Necromancy                   5
   e - Death Channel                  Necromancy                   6
   f - Simulacrum                     Ice/Necromancy               6
Miscellaneous
 H - a box of beasts
 I - a sack of spiders
Comestibles
 b - 8 meat rations
 f - 2 beef jerkies
 l - 2 royal jellies
 t - 2 slices of pizza


   Skills:
 - Level 10.0 Dodging
 - Level 12.0 Stealth
 - Level 11.0 Unarmed Combat
 + Level 6.5 Spellcasting
 - Level 10.1 Hexes
 + Level 3.2 Necromancy


You had 9 spell levels left.
You knew the following spells:

 Your Spells              Type           Power        Failure   Level  Hunger
a - Corona                Hex            #####..      1%          1    None
b - Ensorcelled Hibernat  Hex/Ice        ####..       1%          2    None
c - Confuse               Hex            #####...     1%          3    #......
d - Tukima's Dance        Hex            #####...     1%          3    #......
e - Regeneration          Chrm/Necr      ##........   7%          3    #......


Dungeon Overview and Level Annotations

Branches:
Dungeon (11/15)            Temple (1/1) D:4            Lair (0/6) D:8
    Orc (0/2) D:9

Altars:
Ashenzari
Cheibriados
Dithmenos
Elyvilon
Fedhas
Gozag
Hepliaklqana
Kikubaaqudgha
Makhleb
Nemelex Xobeh
Okawaru
Qazlal
Ru
Sif Muna
Trog
Uskayaw
Vehumet
Xom
Yredelemnul
Zin
The Shining One

Shops:
D:4 [   D:11 (

Annotations:
D:11 1 runed door


Innate Abilities, Weirdness & Mutations

You cannot wear armour.
You are incapable of wielding weapons or throwing items.
Your paws allow you to move quietly. (Stealth)
You have sharp claws.
You have razor-sharp teeth.
You have supernaturally acute eyesight. (SInv)
You are carnivorous and can eat meat at any time.
You cover ground quickly.
You are covered in thick fur. (AC +2)
You have a slow metabolism.
Your sharp claws are effective at attacking unaware monsters.
Your magical capacity is low. (-10% MP)
You are somewhat resistant to further mutation.
Your system is resistant to poisons. (rPois)
You occasionally shout uncontrollably at your foes.


Message History

The great orb of eyes gazes at you.
You feel your power leaking away.
You now have 1/17 mp.
You completely miss the great orb of eyes.
The great orb of eyes is heavily wounded.
The great orb of eyes misses you.
You are confused.
You feel invigorated. The great orb of eyes gazes at you.
You suddenly lose the ability to move!
The great orb of eyes bites you.
The great orb of eyes pulsates ominously.
The great orb of eyes bites you!!
Ouch! That really hurt!
The great orb of eyes gazes at you.
You shrug off the repeated paralysis!
The great orb of eyes bites you! x2
Ouch! That really hurt!
You die...
Your body rises from the dead as a mindless zombie.

.# #.# #..⌠..# #.# # .#
#.###.....###.# #
.##########.####.####.## #
..........##.###)###)##
...........##.##.##.##
...........W##.#'#†##
####.#####...##...## #.# ##G##
#.# #@# ####.###########(#######
#.......................
##..........############
########...# #...# #...# #...#
#########...#####################


You could see a great orb of eyes.

Vanquished Creatures
  A minotaur (Lab)
  A wizard (D:10)
  An unseen horror (D:11)
  A hill giant (D:10)
  Pikel (D:4)
  2 cyclopes (D:11)
  3 trolls
  3 hippogriffs
  8 spriggans (D:8)
  Sigmund (D:5)
  A wraith (D:5)
  A yak (D:7)
  A wyvern (D:8)
  Menkaure (D:6)
  3 water moccasins
  5 orc warriors
  2 ice beasts
  A sky beast (D:5)
  The ghost of Banto the Vexing, an amateur FeEn (D:4)
  2 phantoms
  4 slaves (D:4)
  2 black bears
  2 eyes of draining
  A necrophage (D:9)
  5 ogres
  A centaur (D:8)
  2 big kobolds
  7 bullfrogs
  The ghost of Gottschkopf the Magician, an amateur DECj of Hepliaklqana (D:3)
  3 scorpions
  6 wights
  A howler monkey (D:7)
  2 crimson imps
  2 bullfrog zombies
  5 hounds
  3 bullfrog skeletons
  3 iguanas
  4 orc priests
  Jessica (D:3)
  Terence (D:3)
  2 orc wizards
  8 worker ants
  2 hound zombies
  A howler monkey zombie (D:5)
  A worker ant zombie (D:8)
  4 gnolls (D:3)
  11 adders
  6 river rats
  6 shadow imps
  An adder zombie (D:5)
  An ooze (D:1)
  2 adder skeletons
  3 worms
  2 dart slugs (D:1)
  7 leopard geckos
  34 orcs
  20 bats
  4 giant cockroaches
  9 goblins
  11 hobgoblins
  8 jackals
  6 quokkas
  7 ball pythons
  7 frilled lizards
  13 kobolds
  A leopard gecko skeleton (D:4)
  A leopard gecko zombie (D:6)
  A quokka skeleton (D:6)
  A quokka zombie (D:5)
  12 rats
  A fungus (D:8)
289 creatures vanquished.

Vanquished Creatures (collateral kills)
  A troll (D:10)
  2 spriggans (D:8)
  An orc warrior (D:10)
  A centaur (D:9)
  A necrophage (D:9)
  An orc wizard (D:9)
  A bullfrog skeleton (D:9)
  An adder (D:9)
  8 orcs
17 creatures vanquished.

Vanquished Creatures (others)
  A spriggan zombie (D:8)
  A wight (D:10)
  A mummy (D:10)
  A river rat zombie (D:8)
4 creatures vanquished.

Grand Total: 310 creatures vanquished

Notes
Turn   | Place    | Note
-------+----------+-------------------------------------------
     0 | D:1      | Banto the Felid Enchanter began the quest for the Orb.
     0 | D:1      | Reached XP level 1. HP: 7/7 MP: 4/4
   333 | D:1      | Reached XP level 2. HP: 11/11 MP: 4/6
   364 | D:1      | Learned a level 2 spell: Ensorcelled Hibernation
   493 | D:1      | Reached skill level 5 in Hexes
   560 | D:1      | Found a snail-covered altar of Cheibriados.
  1150 | D:1      | Reached XP level 3. HP: 14/14 MP: 7/7
  2056 | D:2      | Learned a level 3 spell: Confuse
  2147 | D:2      | Found a white marble altar of Elyvilon.
  2327 | D:2      | Reached XP level 4. HP: 12/18 MP: 3/8
  3426 | D:3      | Noticed Jessica
  3431 | D:3      | Killed Jessica
  3431 | D:3      | Reached skill level 5 in Stealth
  3655 | D:3      | Noticed Terence
  3667 | D:3      | Killed Terence
  3667 | D:3      | Reached XP level 5. HP: 21/21 MP: 3/9
  3840 | D:3      | Noticed Gottschkopf's ghost (amateur DECj)
  3859 | D:3      | Killed Gottschkopf's ghost
  3859 | D:3      | Reached skill level 6 in Stealth
  4351 | D:3      | Gained mutation: You are covered in thick fur. (AC +2) [Felid growth]
  4351 | D:3      | Reached XP level 6. HP: 24/24 MP: 3/10
  4772 | D:4      | Reached skill level 7 in Stealth
  4924 | D:4      | Noticed a slave
  4926 | D:4      | Noticed Pikel
  4927 | D:4      | Noticed a slave
  4928 | D:4      | Noticed a slave
  4930 | D:4      | Noticed a slave
  5213 | D:4      | Killed a slave
  5222 | D:4      | Noticed Banto's ghost (amateur FeEn)
  5414 | D:4      | Killed a slave
  5418 | D:4      | Killed a slave
  5420 | D:4      | Killed a slave
  5745 | D:4      | Killed Banto's ghost
  5817 | D:4      | Killed Pikel
  5817 | D:4      | Reached skill level 9 in Stealth
  5817 | D:4      | Reached XP level 7. HP: 27/27 MP: 7/11
  5822 | D:4      | Learned a level 3 spell: Tukima's Dance
  5913 | D:4      | Found a glowing silver altar of Zin.
  5948 | D:4      | Found Zownar's Antique Armour Shoppe.
  5975 | D:4      | Found a staircase to the Ecumenical Temple.
  5985 | D:4      | Reached XP level 8. HP: 31/31 MP: 12/12
  6015 | Temple   | Entered the Ecumenical Temple
  6088 | Temple   | Became a worshipper of Yredelemnul the Dark
  6364 | D:5      | Entered Level 5 of the Dungeon
  6367 | D:5      | Found a shattered altar of Ashenzari.
  6373 | D:5      | Noticed a troll
  6379 | D:5      | Killed a troll
  6379 | D:5      | Reached skill level 10 in Stealth
  6418 | D:5      | Found a snail-covered altar of Cheibriados.
  6483 | D:5      | Gained mutation: Your system is resistant to poisons. (rPois) [potion of mutation]
  6483 | D:5      | Gained mutation: Your magical capacity is low. (-10% MP) [potion of mutation]
  6483 | D:5      | Gained mutation: You are somewhat resistant to further mutation. [potion of mutation]
  6484 | D:5      | Gained mutation: You tend to lose your temper in combat. [potion of mutation]
  6484 | D:5      | Lost mutation: You tend to lose your temper in combat. [potion of mutation]
  6702 | D:5      | Noticed Sigmund
  6711 | D:5      | Killed Sigmund
  6711 | D:5      | Reached skill level 11 in Stealth
  7791 | D:5      | Reached XP level 9. HP: 26/34 MP: 1/11
  7890 | D:6      | Found a blossoming altar of Fedhas.
  7898 | D:6      | Found an ancient bone altar of Kikubaaqudgha.
  7985 | D:5      | Reached skill level 12 in Stealth
  8193 | D:6      | Reached * piety under Yredelemnul
  8699 | D:6      | Noticed Menkaure
  8708 | D:6      | Killed Menkaure
  8959 | D:7      | Reached skill level 5 in Dodging
  9324 | D:7      | Gained mutation: You occasionally shout uncontrollably at your foes. [potion of mutation]
  9328 | D:7      | Found a hazy altar of Hepliaklqana.
  9867 | D:7      | Reached ** piety under Yredelemnul
 10164 | D:7      | Reached skill level 10 in Unarmed Combat
 10390 | D:8      | Found a staircase to the Lair.
 10480 | D:8      | Reached XP level 10. HP: 37/37 MP: 2/12
 10781 | D:8      | Reached *** piety under Yredelemnul
 11050 | D:8      | Reached skill level 10 in Dodging
 11205 | D:8      | Received a gift from Yredelemnul (a wight)
 11743 | D:9      | Found a shadowy altar of Dithmenos.
 11838 | D:9      | Found a sacrificial altar of Ru.
 11878 | D:9      | Found a deep blue altar of Sif Muna.
 11878 | D:9      | Found a burning altar of Makhleb.
 12067 | D:9      | Found a staircase to the Orcish Mines.
 12351 | D:9      | Received a gift from Yredelemnul (a mummy)
 12367 | D:10     | Entered Level 10 of the Dungeon
 12728 | D:10     | Learned a level 3 spell: Regeneration
 12941 | D:10     | Reached XP level 11. HP: 40/40 MP: 10/16
 13023 | D:10     | Noticed a wizard
 13438 | D:10     | Noticed a hill giant
 13524 | D:10     | Killed a hill giant
 13756 | D:10     | Killed from afar by a wizard
 13757 | D:10     | Reached XP level 10. HP: -11/37 MP: 3/16
 13783 | D:10     | Killed a wizard
 13783 | D:10     | Reached skill level 5 in Spellcasting
 13828 | D:11     | Noticed a cyclops
 13833 | D:11     | Killed a cyclops
 13862 | D:11     | Noticed a cyclops
 13870 | D:11     | Killed a cyclops
 13870 | D:11     | Reached skill level 10 in Hexes
 13905 | D:11     | Reached **** piety under Yredelemnul
 13934 | D:11     | Found Ymnuats's Weapon Shoppe.
 14014 | D:11     | Found a labyrinth entrance.
 14033 | Lab      | Entered a labyrinth
 14250 | Lab      | Noticed a minotaur
 14252 | Lab      | Killed a minotaur
 14289 | D:11     | Noticed an unseen horror
 14292 | D:11     | Killed an unseen horror
 14345 | D:11     | Found a runed door.
 14661 | D:11     | Found a runed door.
 14898 | D:11     | Noticed a stone giant
 14898 | D:11     | Noticed a great orb of eyes
 14916 | D:11     | Paralysed by a great orb of eyes for 5 turns
 14921 | D:11     | Mangled by a great orb of eyes
 14922 | D:11     | Reached XP level 9. HP: -12/34 MP: 16/17
 14977 | D:11     | Paralysed by a great orb of eyes for 6 turns
 14982 | D:11     | Slain by a great orb of eyes

Skill      XL: |  1  2  3  4  5  6  7  8  9 10 11 |
---------------+----------------------------------+-----
Hexes          | 5 6 10 9 | 10.1
Unarmed Combat | 2 3 4 6 8 10 11 | 11.0
Stealth        | 5 6 9 11 12 | 12.0
Dodging        | 7 10 | 10.0
Spellcasting   | 6 |  6.5
Necromancy     | 3 |  3.2

Action                   |  1- 3 |  4- 6 |  7- 9 | 10-12 || total
-------------------------+-------+-------+-------+-------++-------
Melee: Unarmed           |    76 |   119 |   294 |   226 ||   715
       Bite              |     2 |     5 |    14 |    13 ||    34
       Punch             |     1 |       |     7 |    16 ||    24
 Cast: Corona            |     6 |     7 |       |       ||    13
       Ensorcelled Hiber |    26 |    64 |    61 |    45 ||   196
       Confuse           |       |    10 |    38 |    46 ||    94
       Tukima's Dance    |       |       |       |     3 ||     3
Invok: Animate Dead      |       |       |       |     1 ||     1
Evoke: Wand              |       |       |       |     1 ||     1
  Use: Scroll            |     3 |     3 |    13 |     1 ||    20
       Potion            |       |       |     4 |     1 ||     5
 Stab: Sleeping          |    26 |    39 |    50 |    26 ||   141
       Confused          |       |     4 |     9 |    14 ||    27
       Distracted        |       |     2 |     1 |       ||     3
  Eat: Chunk             |    12 |     9 |    19 |    16 ||    56
Armor: Skin              |     4 |     6 |    18 |     4 ||    32
Dodge: Dodged            |    62 |    59 |   278 |   154 ||   553

Table legend:
 A = Turns spent in this place as a percentage of turns spent in the entire game.
 B = Non-inter-level travel turns spent in this place as a percentage of non-inter-level travel turns spent in the entire game.
 C = Inter-level travel turns spent in this place as a percentage of turns spent in this place.
 D = Turns resting spent in this place as a percentage of non-inter-level travel turns spent in this place.
 E = Turns spent auto-exploring this place as a percentage of non-inter-level travel turns spent in this place.
 F = Non-inter-level travel turns spent in this place divided by the number of levels of this place that you've seen.
                   A       B       C       D       E      F
               +-------+-------+-------+-------+-------+----------------------
         Total | 100.0 | 100.0 |   0.6 |   5.4 |   7.0 | 355.1
       Dungeon |  95.2 |  95.2 |   0.5 |   5.7 |   7.2 | 399.5
        Temple |   0.5 |   0.5 |   8.3 |   0.0 |  22.7 |  22.0
     Labyrinth |   4.3 |   4.3 |   0.0 |   0.0 |   0.0 | 199.0
               +-------+-------+-------+-------+-------+----------------------

Table legend:
 A = Kills in this place as a percentage of kills in entire the game.
 B = Kills by you in this place as a percentage of kills by you in the entire game.
 C = Kills by friends in this place as a percentage of kills by friends in the entire game.
 D = Other kills in this place as a percentage of other kills in the entire game.
 E = Experience gained in this place as a percentage of experience gained in the entire game.
 F = Experience gained in this place divided by the number of levels of this place that you have seen.
                   A       B       C       D       E      F
               +-------+-------+-------+-------+-------+----------------------
         Total | 100.0 | 100.0 | 100.0 | 100.0 | 100.0 | 1273.9
       Dungeon |  99.7 |  99.6 | 100.0 | 100.0 |  93.3 | 1404.5
     Labyrinth |   0.3 |   0.4 |   0.0 |   0.0 |   6.7 | 1111.0
               +-------+-------+-------+-------+-------+----------------------
